 Dungeon Crawl Stone Soup version 0.28-a0-674-gdaf460b524 (webtiles) character file.

Game seed: 13424432559869545151

307379 Tinkle the Tortoise (level 20, 0/189 HPs)
             Began as a Minotaur Berserker on Oct 4, 2021.
             Was the Champion of Trog.
             Killed from afar by an ironbound frostheart (24 damage)
             ... by creeping frost
             ... on level 1 of the Vaults on Oct 18, 2021.
             The game lasted 03:25:05 (63721 turns).

Tinkle the Tortoise (Minotaur Berserker)           Turns: 63721, Time: 03:25:06

Health: 0/189      AC: 36    Str: 27    XL:     20   Next: 32%
Magic:  17/17      EV: 29    Int:  7    God:    Trog [******]
Gold:   1191       SH: 17    Dex: 10    Spells: 19/19 levels left

rFire   + . .      SeeInvis .   b - +7 hand axe (vamp)
rCold   + . .      Faith    .   d - +5 kite shield {rF+}
rNeg    + + .      Spirit   .   o - +6 plate armour of Disappointment {rC+ rN+}
rPois   .          Reflect  .   i - +2 hat
rElec   .          Harm     .   p - +2 cloak
rCorr   +          Rampage  .   X - +0 pair of gloves "Dezo" {Slay+2}
Will    ++...                   u - +2 pair of boots {Stlth+}
Stlth   ..........              E - amulet "Voilleff" {Acrobat Int+2}
HPRegen 0.41/turn               D - +4 ring of slaying
MPRegen 0.15/turn               H - ring "Adath" {+Blink rN+ Will+ rCorr Dex-3}

@: marked, acrobatic
A: horns 2, retaliatory headbutt, deterioration 1, low mp 1, screaming 1
}: 2/15 runes: serpentine, barnacled
a: Renounce Religion, Evoke Blink, Berserk, Trog's Hand, Brothers in Arms


You were on level 1 of the Vaults.
You worshipped Trog.
Trog was exalted by your worship.
You visited 6 branches of the dungeon, and saw 32 of its levels.
You visited the Abyss 2 times.

You collected 4243 gold pieces.
You spent 3052 gold pieces at shops.

Inventory:

Hand Weapons
 a - the +9 war axe "Qujobb" {freeze, rC- Str+6}
   (You found it on level 4 of the Lair of Beasts)

   It freezes those it strikes, dealing additional cold damage.
   It can also slow down cold-blooded creatures.
   Str:       It affects your strength (+6).
   rC:        It makes you vulnerable to cold.
 b - a +7 vampiric hand axe (weapon)
 c - the +8 hand axe of Upheaval {vorpal, rElec rPois rCorr Str-2}
   (Trog gifted it to you on level 4 of the Snake Pit)

   It inflicts extra damage upon your enemies.
   Str:       It affects your strength (-2).
   rElec:     It insulates you from electricity.
   rPois:     It protects you from poison.
   rCorr:     It protects you from acid and corrosion.
 N - the +9 war axe of a wizard's laboratory {vorpal, +Blink rF+ rC+ rCorr}
   (Trog gifted it to you on level 2 of the Orcish Mines)

   It inflicts extra damage upon your enemies.
   rF:        It protects you from fire.
   rC:        It protects you from cold.
   +Blink:    It lets you blink.
   rCorr:     It protects you from acid and corrosion.
 Q - a +3 antimagic broad axe
Missiles
 f - 111 poisoned darts (quivered)
 h - 6 atropa-tipped darts
 A - 16 curare-tipped darts
 L - 4 throwing nets
Armour
 d - a +5 kite shield of fire resistance (worn)
 i - a +2 hat (worn)
 o - the +6 plate armour of Disappointment (worn) {rC+ rN+}
   (You bought it in a shop on level 2 of the Dungeon)

   rC:        It protects you from cold.
   rN:        It protects you from negative energy.
 p - a +2 cloak (worn)
 u - a +2 pair of boots of stealth (worn)
 T - a scarf of resistance
 X - the +0 pair of gloves "Dezo" (worn) {Slay+2}
   (You found it on level 1 of the Shoals)

   Slay:      It affects your accuracy & damage with ranged weapons and melee
   (+2).
 Z - a +2 pair of gloves
Jewellery
 x - a ring of poison resistance
 D - a +4 ring of slaying (left hand)
 E - the amulet "Voilleff" (around neck) {Acrobat Int+2}
   (You found it on level 3 of the Snake Pit)

   [amulet of the acrobat]

   It increases your evasion while moving and waiting.
   Int:       It affects your intelligence (+2).
 H - the ring "Adath" (right hand) {+Blink rN+ Will+ rCorr Dex-3}
   (You took it off a merfolk on level 4 of the Shoals)

   [ring of positive energy]

   Dex:       It affects your dexterity (-3).
   rN:        It protects you from negative energy.
   +Blink:    It lets you blink.
   rCorr:     It protects you from acid and corrosion.
   Will:      It increases your willpower.
 M - an amulet of guardian spirit
 O - a ring of see invisible
 V - a +6 ring of strength
 Y - a ring of flight
Wands
 s - a wand of digging (10)
 t - a wand of flame (114)
 w - a wand of iceblast (31)
 z - a wand of paralysis (35)
 I - a wand of charming (16)
 K - a wand of polymorph (15)
 R - a wand of acid (11)
 W - a wand of mindburst (3)
Scrolls
 e - 16 scrolls of teleportation
 g - a scroll of fear
 l - 9 scrolls of identify
 m - a scroll of summoning
 n - 4 scrolls of fog
 r - 2 scrolls of silence
 v - 9 scrolls of blinking
 y - a scroll of holy word
 F - 3 scrolls of magic mapping
 S - a scroll of enchant weapon
Potions
 j - 2 potions of cancellation
 k - 7 potions of heal wounds
 q - 3 potions of ambrosia
 C - 11 potions of curing
 J - a potion of resistance
 P - 2 potions of haste
 U - 3 potions of invisibility
Miscellaneous
 B - a lightning rod (4/4)
 G - a piece from Xom's chessboard (15/15)


   Skills:
 + Level 18.7 Fighting
 - Level 18.0 Axes
 + Level 18.7 Armour
 + Level 18.2 Dodging
 - Level 15.0 Shields
 - Level 15.0 Evocations


You had 19 spell levels left.
You didn't know any spells.
Your spell library was empty.

Dungeon Overview and Level Annotations

Branches:
Dungeon (15/15)            Temple (0/1) D:6            Lair (6/6) D:9
 Shoals (4/4) Lair:2        Snake (4/4) Lair:3        Slime (0/5) Lair:6
    Orc (2/2) D:9             Elf (0/3) Orc:2        Vaults (1/5) D:14
 Depths (0/4) D:15

Altars:
Cheibriados
Dithmenos
Elyvilon
Gozag
Hepliaklqana
Kikubaaqudgha
Nemelex Xobeh
Okawaru
Qazlal
Sif Muna
Trog
Uskayaw
Vehumet
Yredelemnul
The Shining One
Beogh
Lugonu

Shops:
D:2 [[?   D:3 =   D:14 *   Orc:2 [!!*   Snake:2 (!

Portals:
Abyss: Lair:6


Innate Abilities, Weirdness & Mutations

You have a pair of horns on your head.
You reflexively headbutt those who attack you in melee.
Your body sometimes deteriorates upon taking damage.
Your magical capacity is low. (-10% MP)
You occasionally shout uncontrollably at your foes.


Message History

You closely miss the vault sentinel.
You block the crystal guardian's attack.
The ironbound frostheart calls freezing cold from the walls.
The frost grips you. You partially resist.
You slice the ironbound frostheart!!
You feel better.
You headbutt the ironbound frostheart, but do no damage.
The ironbound frostheart is severely wounded.
You barely miss the vault sentinel.
You hit the crystal guardian but do no damage.
The vault sentinel blows a loud note on a signal horn!
The crystal guardian hits you.
You slash the ironbound frostheart!
The ironbound frostheart is almost dead.
You hit the crystal guardian but do no damage.
You barely miss the vault sentinel. You block the vault sentinel's attack.
Unknown command.
You barely miss the ironbound frostheart.
The ironbound frostheart is almost dead.
You slash the vault sentinel! You hit the crystal guardian.
Your surroundings suddenly seem different.
The ice encasing you melts away.
An ironbound frostheart comes into view.
The ironbound frostheart calls freezing cold from the walls.
The frost grips you!! You partially resist.
* * * LOW HITPOINT WARNING * * *
You are encased in ice.
The ice encasing you melts away.
The ironbound frostheart calls freezing cold from the walls.
The frost grips you.
* * * LOW HITPOINT WARNING * * *
You are encased in ice.
Found 24 gold pieces.
There is an open door here.
The ironbound frostheart calls freezing cold from the walls.
The frost grips you!! You partially resist.
* * * LOW HITPOINT WARNING * * *
The ice encasing you melts away.
The ironbound frostheart calls freezing cold from the walls.
The frost grips you!! You partially resist.
You die...

#...................
.......
#..................$
.......
#...................
.......
#................p..
.......
#................p..
.......
############p######
###### #.......#
#####pp #.......#
#...#.# ######.@#
#.#.#†9 #..# #.#[#..
.'..# #..))..
...'..# #..))..
#....#..' #...###
######..# #.... ...#
#####. ...# .. .


You could see an ironbound frostheart.

Vanquished Creatures
  Nikola (Shoals:1)
  The ghost of Zenkrye the Warrior, an adept DjCj of Makhleb (Shoals:4)
  Jorgrun (Shoals:3)
  A lich (Abyss:3)
  Asterion (Snake:3)
  2 tentacled starspawn
  The ghost of Tamablel the Severer, an adept DsBe of Trog (Snake:1)
  Kirke (Shoals:3)
  5 nagarajas (Snake:4)
  The ghost of pokedragonboy the Severer, an adept GrFi of Hepliaklqana (Snake:1)
  Aizul (Snake:3)
  The ghost of Shard1697 the Thaumaturge, a journeyman DjIE of Makhleb (Lair:5)
  An ironbound preserver (Vaults:1)
  A very ugly thing (Abyss:2)
  A deep elf demonologist (Abyss:3)
  The ghost of Saawnycw the Carver, a journeyman FoFi of Dithmenos (Orc:1)
  A purple draconian (Abyss:3)
  3 merfolk javelineers
  A crystal guardian (Vaults:1)
  Josephine (Orc:1)
  2 vault guards (D:14)
  6 merfolk impalers
  2 ironbound thunderhulks (Vaults:1)
  A yaktaur captain (Vaults:1)
  An ironbound frostheart (Vaults:1)
  6 salamander tyrants
  A peacekeeper (Vaults:1)
  9 hydras
  A catoblepas (Lair:6)
  A two-headed ogre (shapeshifter) (Lair:6)
  16 naga warriors
  3 boulder beetles
  2 alligator snapping turtles
  3 centaur warriors
  2 merfolk avatars (Shoals:4)
  4 two-headed ogres
  14 anacondas
  3 satyrs
  3 merfolk aquamancers
  14 naga sharpshooters
  3 orc high priests (Orc:2)
  6 thrashing horrors
  3 tengu warriors
  Nergalle (Orc:1)
  8 shock serpents
  Sonja (D:11)
  12 salamander mystics
  A sixfirhy (Abyss:3)
  7 sea snakes
  3 deep trolls (Vaults:1)
  6 wizards
  A necromancer (D:15)
  9 naga ritualists
  Pikel (D:5)
  25 harpies
  An ironbound convoker (Vaults:1)
  A deep elf pyromancer (D:15)
  8 orc knights
  A wolf spider (D:12)
  18 manticores
  9 mana vipers
  9 cyclopes
  16 fauns
  4 ugly things
  6 orc sorcerers
  13 elephants
  A worldbinder (Abyss:3)
  25 salamanders
  12 merfolk sirens
  8 guardian serpents
  3 vault sentinels (Vaults:1)
  53 black mambas
  10 naga magi
  2 ice statues
  5 gargoyles
  7 water nymphs
  2 smoke demons
  9 cane toads
  A yaktaur (D:14)
  3 rime drakes
  7 komodo dragons
  A harpy zombie (Abyss:2)
  5 ancient zymes
  An efreet (D:7)
  A hellwing (Abyss:3)
  A tengu conjurer (D:14)
  3 trolls
  3 wind drakes
  31 merfolk
  A hornet (D:8)
  47 blink frogs
  3 polar bears
  2 slime creatures (D:15)
  8 snapping turtles
  14 raiju
  3 dream sheep (Shoals:4)
  2 meliai zombies (D:11)
  3 wyverns
  4 water elementals
  7 wraiths
  A spriggan (Lair:6)
  2 hogs (Shoals:3)
  3 ynoxinuls
  45 yaks
  19 humans (D:14)
  A yak (shapeshifter) (Lair:6)
  7 basilisks
  Eustachio (D:4)
  2 neqoxecs (Abyss:2)
  3 steam dragons (D:7)
  3 chaos spawn
  15 vampire mosquitoes
  Menkaure (D:4)
  54 nagas
  2 wargs
  An acid dragon (D:6)
  10 large abominations
  14 water moccasins
  2 hell hounds (Lair:4)
  A sky beast (D:7)
  2 ice beasts
  5 black bears
  33 orc warriors
  8 centaurs
  5 ogres
  11 small abominations
  3 lemures (D:5)
  5 kobold brigands
  Blork the orc (D:4)
  2 gnoll sergeants (D:6)
  2 wyvern zombies
  15 bullfrogs
  5 scorpions
  A water moccasin zombie (D:6)
  A water moccasin skeleton (D:5)
  5 howler monkeys
  4 electric eels
  A bullfrog zombie (D:6)
  A quasit (Abyss:3)
  6 starcursed masses (Abyss:3)
  3 centaur zombies
  17 orc priests
  4 centaur skeletons
  2 hounds (D:6)
  Crazy Yiuf (D:5)
  An iguana (D:5)
  26 orc wizards
  4 hell rats (Lair:2)
  2 killer bee zombies
  A hound zombie (D:5)
  2 hound skeletons (D:4)
  Robin (D:1)
  3 howler monkey skeletons
  8 adders
  2 ufetubi
  A dart slug (D:7)
  87 orcs
  5 bats
  4 endoplasms
  2 giant cockroaches
  12 goblins
  8 hobgoblins
  3 quokkas
  5 ball pythons
  5 frilled lizards
  23 kobolds
  5 rats
  2 starspawn tentacles (Abyss:3)
1124 creatures vanquished.

Vanquished Creatures (collateral kills)
  A naga warrior (Snake:1)
  A salamander mystic (Snake:1)
  2 salamanders (Snake:1)
  2 nagas (Snake:1)
6 creatures vanquished.

Vanquished Creatures (others)
  A merfolk aquamancer (Shoals:4)
  A sea snake (Shoals:4)
  A human (Shoals:3)
  A bush (D:9)
  33 fungi
  A lurking horror (Abyss:3)
  76 plants
  9 starspawn tentacles
  6 withered plants (Snake:1)
129 creatures vanquished.

Grand Total: 1259 creatures vanquished

Notes
Turn   | Place    | Note
-------+----------+-------------------------------------------
     0 | D:1      | Tinkle the Minotaur Berserker began the quest for the Orb.
     0 | D:1      | Reached XP level 1. HP: 19/19 MP: 0/0
   355 | D:1      | Reached XP level 2. HP: 27/27 MP: 1/1
   972 | D:2      | Found Suashe's Armour Shop.
   976 | D:2      | Noticed Robin
  1695 | D:2      | Reached XP level 3. HP: 34/34 MP: 2/2
  1777 | D:1      | Killed Robin
  1881 | D:2      | Found Ute Luena's Magic Scroll Shoppe.
  1968 | D:2      | Reached ** piety under Trog
  2070 | D:2      | Found Ulaoj's Antique Armour Emporium.
  2159 | D:3      | Found Plog's Jewellery Emporium.
  2221 | D:3      | Reached skill level 5 in Fighting
  2221 | D:3      | Reached skill level 5 in Axes
  2221 | D:3      | Reached XP level 4. HP: 30/42 MP: 3/3
  2652 | D:3      | Found a faded altar of an unknown god.
  3312 | D:4      | Noticed Menkaure
  3329 | D:4      | Reached XP level 5. HP: 40/48 MP: 4/4
  3336 | D:4      | Killed Menkaure
  3348 | D:4      | Reached XP level 6. HP: 39/56 MP: 5/5
  3422 | D:4      | Noticed Blork the orc
  3432 | D:4      | Killed Blork the orc
  3850 | D:4      | Noticed Eustachio
  3898 | D:4      | Killed Eustachio
  4047 | D:4      | Reached XP level 7. HP: 60/61 MP: 6/6
  4420 | D:4      | Reached skill level 10 in Axes
  4639 | D:4      | Found an ancient bone altar of Kikubaaqudgha.
  4641 | D:4      | Found a shimmering blue altar of Sif Muna.
  4654 | D:4      | Found a radiant altar of Vehumet.
  4702 | D:5      | Entered Level 5 of the Dungeon
  4819 | D:5      | HP: 3/61 [poisoned by a scorpion]
  5299 | D:5      | Noticed Pikel
  5330 | D:5      | Killed Pikel
  5331 | D:5      | Reached XP level 8. HP: 37/68 MP: 7/7
  5658 | D:5      | Found a glowing golden altar of the Shining One.
  5784 | D:5      | Found a runed translucent door.
  5785 | D:5      | Noticed Crazy Yiuf
  6392 | D:2      | Bought a scroll of identify for 28 gold pieces
  6403 | D:2      | Bought a +2 kite shield of fire resistance for 215 gold
                  | pieces
  6503 | D:6      | Found an opulent altar of Gozag.
  6608 | D:6      | Found a shadowy altar of Dithmenos.
  6689 | D:6      | Found a sparkling altar of Nemelex Xobeh.
  6727 | D:6      | Found a staircase to the Ecumenical Temple.
  6782 | D:6      | Reached skill level 1 in Shields
  6831 | D:6      | Found a stormy altar of Qazlal.
  6961 | D:6      | Reached *** piety under Trog
  7330 | D:6      | Found a hide-covered altar of Uskayaw.
  7480 | D:6      | Reached XP level 9. HP: 36/74 MP: 8/8
  7968 | D:6      | Reached skill level 5 in Shields
  8250 | D:6      | Reached XP level 10. HP: 81/81 MP: 9/9
  8649 | D:7      | Noticed a gargoyle
  8659 | D:7      | Killed a gargoyle
  8713 | D:7      | Noticed a gargoyle
  8720 | D:7      | Killed a gargoyle
  8801 | D:7      | Noticed a gargoyle
  8812 | D:7      | Killed a gargoyle
  8957 | D:7      | Noticed a gargoyle
  8973 | D:7      | Killed a gargoyle
  9013 | D:7      | Found a snail-covered altar of Cheibriados.
  9041 | D:7      | Reached skill level 15 in Shields
  9224 | D:7      | Found a hazy altar of Hepliaklqana.
  9585 | D:7      | Reached **** piety under Trog
 10104 | D:2      | Bought a scarf of invisibility for 120 gold pieces
 10355 | D:8      | Reached XP level 11. HP: 77/86 MP: 10/10
 11489 | D:9      | Reached skill level 5 in Armour
 11805 | D:9      | Noticed a two-headed ogre
 11817 | D:9      | HP: 3/86 [manticore/volley of spikes (17)]
 11818 | D:9      | HP: 1/86 [barbs]
 12981 | D:8      | Killed a two-headed ogre
 12982 | D:8      | Reached skill level 5 in Dodging
 13355 | D:9      | Upgraded the game from 0.28-a0-589-g333b8329f1 to
                  | 0.28-a0-595-g9f6c0e134a
 13758 | D:9      | Noticed a two-headed ogre
 13765 | D:9      | Noticed a two-headed ogre
 13772 | D:8      | Killed a two-headed ogre
 13932 | D:8      | Killed a two-headed ogre
 15104 | D:9      | Found a radiant altar of Vehumet.
 15137 | D:9      | You fall into a shaft and drop 1 floor!
 15137 | D:10     | Entered Level 10 of the Dungeon
 15190 | D:10     | Found a basalt altar of Yredelemnul.
 15737 | D:9      | Reached ***** piety under Trog
 16517 | D:9      | Found a staircase to the Lair.
 17277 | D:9      | Found a staircase to the Orcish Mines.
 18012 | D:2      | Bought a scroll of enchant weapon for 105 gold pieces
 18012 | D:2      | Bought a scroll of blinking for 105 gold pieces
 19330 | D:9      | Identified a scroll of acquirement
 19330 | D:9      | Acquired a manual of Evocations
 19381 | Lair:1   | Entered Level 1 of the Lair of Beasts
 19643 | Lair:1   | Reached skill level 1 in Evocations
 19853 | Lair:1   | Noticed a four-headed hydra
 19867 | Lair:1   | Killed a one-headed hydra
 20090 | Lair:1   | Noticed a six-headed hydra
 20097 | Lair:1   | Noticed an eight-headed hydra
 20102 | Lair:1   | Killed a one-headed hydra
 20103 | Lair:1   | Reached XP level 12. HP: 56/101 MP: 11/11
 20118 | Lair:1   | Killed a five-headed hydra
 20369 | Lair:1   | Noticed a six-headed hydra
 20379 | Lair:1   | Killed a one-headed hydra
 20665 | Lair:1   | You fall into a shaft and drop 1 floor!
 21078 | Lair:1   | Noticed a six-headed hydra
 21088 | Lair:1   | Killed a two-headed hydra
 21089 | Lair:1   | Reached skill level 5 in Evocations
 22012 | Lair:2   | Noticed a seven-headed hydra
 22029 | Lair:2   | Killed a one-headed hydra
 22329 | Lair:2   | Found a staircase to the Shoals.
 23048 | Lair:3   | Found a staircase to the Snake Pit.
 24963 | Lair:4   | Identified the +4 broad axe "Ocrov" {vorpal, rPois} (Trog
                  | gifted it to you on level 4 of the Lair of Beasts)
 24963 | Lair:4   | Received a gift from Trog
 25415 | Lair:4   | Identified the +9 war axe "Qujobb" {freeze, rC- Str+6}
 25834 | Lair:5   | Reached XP level 13. HP: 100/113 MP: 12/12
 25844 | Lair:5   | Reached skill level 10 in Fighting
 25852 | Lair:5   | Reached skill level 10 in Armour
 25933 | Lair:5   | Found a transporter.
 25943 | Lair:5   | Found a transporter.
 26520 | Lair:5   | Noticed Shard1697's ghost (journeyman DjIE)
 26691 | Lair:5   | Reached skill level 10 in Dodging
 26886 | Lair:6   | Entered Level 6 of the Lair of Beasts
 26928 | Lair:6   | Reached skill level 10 in Evocations
 26977 | Lair:6   | Reached skill level 15 in Axes
 27119 | Lair:6   | Found a staircase to the Slime Pits.
 27882 | Lair:6   | Received a gift from Trog
 28607 | Lair:6   | Reached XP level 14. HP: 93/121 MP: 13/13
 28717 | Lair:6   | Found a corrupted altar of Lugonu.
 28717 | Lair:6   | Found a one-way gate to the infinite horrors of the Abyss.
 29729 | Lair:6   | Acquired 687 gold pieces
 30018 | D:2      | Bought a crude plate armour for 644 gold pieces
 30018 | D:2      | Identified the +6 plate armour of Disappointment {rC+ rN+}
                  | (You bought it in a shop on level 2 of the Dungeon)
 30091 | D:3      | Bought a ring of poison resistance for 260 gold pieces
 30092 | D:3      | Bought a ring of see invisible for 195 gold pieces
 30369 | Snake:1  | Entered Level 1 of the Snake Pit
 30488 | Snake:1  | Identified the +10 short sword of Gual {vorpal, Will+ SInv}
                  | (Trog gifted it to you on level 1 of the Snake Pit)
 30488 | Snake:1  | Received a gift from Trog
 32642 | Snake:1  | Found a runed translucent gate.
 32642 | Snake:1  | Found a runed translucent gate.
 32642 | Snake:1  | Found a runed translucent gate.
 32642 | Snake:1  | Noticed pokedragonboy's ghost (adept GrFi)
 32643 | Snake:1  | Noticed Tamablel's ghost (adept DsBe)
 32651 | Snake:1  | Reached XP level 15. HP: 129/132 MP: 14/14
 33331 | Snake:1  | Killed pokedragonboy's ghost
 33355 | Snake:1  | Killed Tamablel's ghost
 33999 | Snake:2  | Identified the +1 robe of the Moon Troll {rC+ Regen+}
 34062 | Snake:2  | Received a gift from Trog
 35036 | Snake:2  | Found Tiluw's Weapon Shoppe.
 35038 | Snake:2  | Found Ozyleo Zeag's Distillery.
 35190 | Snake:2  | Reached XP level 16. HP: 146/146 MP: 15/15
 35191 | Snake:2  | Reached XP level 17. HP: 154/154 MP: 16/16
 35849 | Snake:3  | Reached skill level 15 in Fighting
 36188 | Snake:3  | Identified the amulet "Voilleff" {Acrobat Int+2}
 37496 | Snake:3  | Noticed Aizul
 37508 | Snake:3  | Killed Aizul
 37817 | Snake:3  | Noticed Asterion
 37838 | Snake:3  | Killed Asterion
 38472 | D:3      | Bought an amulet of guardian spirit for 390 gold pieces
 38782 | Snake:4  | Entered Level 4 of the Snake Pit
 39819 | Snake:4  | Reached XP level 18. HP: 138/163 MP: 14/17
 39822 | Snake:4  | Received a gift from Trog
 41368 | Snake:4  | Reached ****** piety under Trog
 42134 | Snake:4  | Reached skill level 15 in Armour
 42726 | Snake:4  | Identified the +8 hand axe of Upheaval {vorpal, rElec rPois
                  | rCorr Str-2} (Trog gifted it to you on level 4 of the Snake
                  | Pit)
 42726 | Snake:4  | Received a gift from Trog
 42992 | Snake:4  | Got a serpentine rune of Zot
 43213 | Snake:4  | Upgraded the game from 0.28-a0-595-g9f6c0e134a to
                  | 0.28-a0-662-g1651b1f1e0
 43470 | D:11     | Noticed Sonja
 43505 | D:11     | Killed Sonja
 43763 | D:11     | Reached skill level 15 in Dodging
 44164 | D:11     | Found an iron altar of Okawaru.
 44373 | D:12     | You fall into a shaft and drop 3 floors!
 44373 | D:15     | Entered Level 15 of the Dungeon
 44967 | D:12     | Reached skill level 15 in Evocations
 45180 | D:13     | Found a corrupted altar of Lugonu.
 45489 | D:13     | Found the +6 Majin-Bo {vamp, MP+6 Int+6}
 45873 | D:14     | Found Ugiju's Elemental Accessories.
 46336 | D:14     | Cast into level 3 of the Abyss (a wizard)
 46398 | Abyss:3  | Found a corrupted altar of Lugonu.
 46464 | Abyss:3  | Received a gift from Trog
 46495 | D:14     | Escaped the Abyss
 46639 | D:14     | Found a gate to the Vaults.
 46796 | D:14     | Bought a lightning rod (4/4) for 360 gold pieces
 47292 | D:15     | Found a white marble altar of Elyvilon.
 47444 | D:15     | Paralysed by an orc sorcerer for 4 turns
 47479 | D:15     | Found a staircase to the Depths.
 47904 | Lair:5   | Killed Shard1697's ghost
 47935 | Lair:5   | Identified the ring of Neopog {Int-5 Dex+7 SInv}
 47941 | Lair:5   | Identified the ring of Dettutza {rF- rC- rN+++ Int+6}
 48392 | D:5      | Killed Crazy Yiuf
 48709 | Shoals:1 | Entered Level 1 of the Shoals
 48727 | Shoals:1 | Identified the +8 spear of Bocvukh {elec, +Blink rPois
                  | Str+2}
 48761 | Shoals:1 | Reached XP level 19. HP: 153/172 MP: 14/18
 48857 | Shoals:1 | Identified the +0 pair of gloves "Dezo" {Slay+2}
 49020 | Shoals:1 | Noticed Nikola
 49047 | Shoals:1 | Killed Nikola
 49513 | Shoals:1 | Acquired a scarf of resistance
 50724 | Shoals:1 | Cast into level 2 of the Abyss (faun)
 50735 | Abyss:2  | Gained mutation: Your magical capacity is low. (-10% MP) [a
                  | neqoxec]
 51083 | Abyss:2  | Noticed a bone dragon
 51157 | Abyss:3  | Found a corrupted altar of Lugonu.
 51342 | Abyss:3  | Received a gift from Trog
 51374 | Abyss:3  | Found a corrupted altar of Lugonu.
 51479 | Abyss:3  | Gained mutation: You occasionally shout uncontrollably at
                  | your foes. [a neqoxec]
 51486 | Abyss:3  | Gained mutation: Your body sometimes deteriorates upon
                  | taking damage. [a neqoxec]
 51632 | Shoals:1 | Escaped the Abyss
 54144 | Shoals:3 | Received a gift from Trog
 54511 | Shoals:3 | Noticed Kirke
 54534 | Shoals:3 | Killed Kirke
 54774 | Shoals:3 | Noticed Jorgrun
 54792 | Shoals:3 | Killed Jorgrun
 55507 | Shoals:4 | Entered Level 4 of the Shoals
 56759 | Shoals:4 | Identified the ring "Adath" {+Blink rN+ Will+ rCorr Dex-3}
 56970 | Shoals:4 | Found a runed translucent gate.
 56998 | Shoals:4 | Found a runed translucent gate.
 56999 | Shoals:4 | Found a runed translucent gate.
 57008 | Shoals:4 | Noticed Zenkrye's ghost (adept DjCj)
 57265 | Shoals:4 | Got a barnacled rune of Zot
 57449 | Shoals:4 | Reached XP level 20. HP: 186/187 MP: 17/17
 57623 | Shoals:4 | Killed Zenkrye's ghost
 58178 | Shoals:4 | Identified the +2 cloak of Wrong Decisions {rF++ Int-4}
 58476 | Orc:1    | Entered Level 1 of the Orcish Mines
 58508 | Orc:1    | Noticed Saawnycw's ghost (journeyman FoFi)
 58519 | Orc:1    | Found a transporter.
 58608 | Orc:1    | Found a transporter.
 58635 | Orc:1    | Noticed Nergalle
 58642 | Orc:1    | Killed Nergalle
 59425 | Orc:1    | Noticed Josephine
 59433 | Orc:1    | Killed Josephine
 59618 | Orc:1    | Upgraded the game from 0.28-a0-662-g1651b1f1e0 to
                  | 0.28-a0-674-gdaf460b524
 59637 | Orc:2    | Entered Level 2 of the Orcish Mines
 59642 | Orc:2    | Identified the +9 war axe of a wizard's laboratory {vorpal,
                  | +Blink rF+ rC+ rCorr} (Trog gifted it to you on level 2 of
                  | the Orcish Mines)
 59642 | Orc:2    | Received a gift from Trog
 59785 | Orc:1    | Killed Saawnycw's ghost
 60301 | Orc:2    | Found a staircase to the Elven Halls.
 60345 | Orc:2    | Found a bloodstained altar of Trog.
 62071 | Orc:2    | Found Yqelej's Distillery.
 62071 | Orc:2    | Found Xyuvuamocoy's Antique Armour Shop.
 62099 | Orc:2    | Found Bixzoore's Assorted Antiques.
 62099 | Orc:2    | Found Foel's Distillery.
 62120 | Orc:2    | Bought a pair of embroidered boots for 157 gold pieces
 62224 | Orc:2    | Bought a potion of heal wounds for 65 gold pieces
 62225 | Orc:2    | Bought a scroll of enchant weapon for 180 gold pieces
 62225 | Orc:2    | Bought a scroll of blinking for 180 gold pieces
 62225 | Orc:2    | Bought a wand of polymorph (8) for 48 gold pieces
 63364 | Vaults:1 | Entered Level 1 of the Vaults
 63641 | Vaults:1 | Received a gift from Trog
 63721 | Vaults:1 | Killed from afar by an ironbound frostheart

Illustrated notes

Levels and vault maps discovered:
D:1:      wander_arrival_estate, layout_loops_corners
D:2:      layout_basic, serial_shops, shop, shop, nicolae_shop_behind_doors,
          uniq_robin
D:3:      layout_basic, shapermc_ecumenical_altar_totnotflames, serial_shops,
          shop
D:4:      layout_basic, palyth_temple_overflow_mages, uniq_eustachio,
          uniq_blork_the_orc, uniq_menkaure
D:5:      layout_loops_cross, tso_metal_star, kennysheep_generic_room_5,
          uniq_pikel, uniq_crazy_yiuf_cottage
D:6:      minmay_razor_zed, layout_loops_ring, nicolae_uskayaw_dance_studio,
          mainiacjoe_overflow_alcove_4, amcnicky_altar_gilded,
          grunt_qazlal_sundering, mainiacjoe_overflow_concentric_impassable,
          minmay_temple_entry_enclosed_plants
D:7:      cheibrodos_statue_roulette, layout_loops_corners,
          mainiacjoe_overflow_six_doors_small, kennysheep_slug_shrine
D:8:      layout_loops_corners
D:9:      layout_layer_cave, grunt_lair_entry_orc_guard_hut, erik_orc_2,
          special_room [special_room_orc], minmay_hedge_maze, minivault_16,
          minmay_ruined_shrine
D:10:     layout_layer_cave, mainiacjoe_overflow_cross_hatched
D:11:     layout_rooms, minivault_4, okawaru_altar_gauntlet_db, uniq_sonja
D:12:     layout_rooms
D:13:     layout_rooms, nrook_pool_corridor, tgw_lugonu_bribe
D:14:     layout_stronghold, grunt_vaults_entry_tiered,
          minmay_misc_feat_enclosed, nicolae_elemental_shop
D:15:     grunt_enter_depths_magical_seal, layout_loops_corners,
          nicolae_elyvilon_peaceful_grove
Lair:1:   layout_hall_layers, infiniplex_staircase_pool
Lair:2:   layout_cave_pods, minmay_shoals_entry_lonely_mermaid,
          lemuel_fruit_tree, serial_bayou_shore_b, grunt_megastairs_1,
          serial_bayou_shore_a, infiniplex_staircase_pool_2
Lair:3:   layout_regular_city, minmay_snake_entry_six_corridors
Lair:4:   layout_hall_layers, enter_volcano_3, grunt_megastairs_3
Lair:5:   layout_misc_corridors, nzn_ghost_randoct
Lair:6:   hellmonk_lair_end_abyssal_woods, layout_regular_city, slime_dummy
Shoals:1: layout_shoals, uniq_nikola
Shoals:2: layout_shoals
Shoals:3: layout_shoals, uniq_jorgrun, uniq_kirke
Shoals:4: shoals_end_hangedman, layout_shoals, gammafunk_ghost_tricky_traps
Snake:1:  layout_grid_maze, gammafunk_ghost_cemetery, grunt_megastairs_5
Snake:2:  layout_basic, minmay_shoptagon
Snake:3:  cheibrodos_snake_lava_hold, layout_cave_town, nicolae_snake_squiggles,
          uniq_aizul, uniq_asterion
Snake:4:  johnstein_snake_rune_scales, layout_gridlike, grunt_megastairs_2
Orc:1:    layout_diamond_mine, basic_altar, gammafunk_ghost_arena,
          uniq_nergalle, uniq_josephine
Orc:2:    grunt_orc_tribal_feast, layout_caves, basic_altar, mines2_david
Vaults:1: vaults_room_door_hall, nicolae_vaults_alarming,
          nicolae_vaults_network_s, v_misc_5, grunt_vaults_bifocal,
          hangedman_vaults_corner_blocks, hangedman_vaults_stretched_pinwheel,
          v_misc_23, hangedman_vaults_slice, vaults_mumra_lcd,
          vaults_room_door_hall, layout_vaults_ring

Skill      XL: |  1  2  3  4  5  6  7  8  9 10 11 12 13 14 15 16 17 18 19 20 |
---------------+-------------------------------------------------------------+-----
Fighting       | 4 5 7 9 10 11 14 15 18 | 18.7
Axes           | 4 5 6 7 9 11 13 14 17 18 | 18.0
Shields        | 4 14 15 | 15.0
Armour         | 4 7 9 10 11 12 14 15 18 | 18.7
Dodging        | 3 7 9 10 11 12 13 15 17 18 | 18.2
Evocations     | 3 7 10 11 12 13 15 | 15.0

Action                   |  1- 3 |  4- 6 |  7- 9 | 10-12 | 13-15 | 16-18 | 19-21 || total
-------------------------+-------+-------+-------+-------+-------+-------+-------++-------
Melee: Hand axe          |    87 |   118 |   259 |   898 |   641 |   180 |   366 ||  2549
       Headbutt          |    10 |    23 |    58 |   243 |   275 |   277 |   271 ||  1157
       War axe           |       |       |       |       |   283 |   707 |   539 ||  1529
       Broad axe         |       |       |       |       |       |    15 |       ||    15
Throw: Dart              |       |       |     4 |    32 |       |     9 |     2 ||    47
Invok: Berserk           |     2 |     1 |     3 |    10 |     6 |     4 |       ||    26
       Trog's Hand       |       |     2 |     1 |       |       |     3 |     4 ||    10
Evoke: Wand              |       |       |       |       |     5 |     4 |     1 ||    10
       Piece from Xom's  |       |       |       |       |     2 |       |       ||     2
       Lightning rod     |       |       |       |       |       |       |     2 ||     2
  Use: Scroll            |       |       |     6 |    14 |    14 |     3 |    10 ||    47
       Potion            |       |       |     1 |       |     1 |     1 |     4 ||     7
Armor: Scale mail        |    29 |    68 |    40 |       |       |       |       ||   137
       Plate armour      |       |       |    85 |   209 |   228 |   272 |   304 ||  1098
Dodge: Dodged            |    52 |    85 |    51 |   146 |   251 |   252 |   348 ||  1185
Block: Kite shield       |       |       |    77 |   502 |   586 |   585 |   711 ||  2461

Table legend: (Time is in decaauts)
 A = Elapsed time spent in this place.
 B = Non-inter-level travel time spent in this place.
 C = Inter-level travel time spent in this place.
 D = Time resting spent in this place.
 E = Time spent auto-exploring this place.
 F = Levels seen in this place.
 G = Mean time per level.
                   A        B        C        D        E       F      G
               +--------+--------+--------+--------+--------+-----+--------+
         Total |  62751 |  57546 |   5205 |  28880 |  19090 |  35 | 1792.9 |
       Dungeon |  24993 |  22027 |   2966 |  10342 |   8216 |  15 | 1666.2 |
          Lair |  11301 |  10093 |   1208 |   3804 |   4573 |   6 | 1883.5 |
        Shoals |   8181 |   7816 |    365 |   4152 |   2438 |   4 | 2045.2 |
     Snake Pit |  12275 |  11785 |    490 |   7032 |   2914 |   4 | 3068.8 |
  Orcish Mines |   4679 |   4505 |    174 |   3158 |    848 |   2 | 2339.5 |
        Vaults |    337 |    337 |      0 |    146 |     70 |   1 |  337.0 |
         Abyss |    983 |    983 |      0 |    245 |     30 |   3 |  327.7 |
               +--------+--------+--------+--------+--------+-----+--------+

Top non-repeatable levels by time:
     D:8: 4952 daAuts
 Snake:4: 4378 daAuts
     D:9: 4308 daAuts
 Snake:1: 3685 daAuts
Shoals:1: 2731 daAuts
  Lair:6: 2729 daAuts
   Orc:1: 2717 daAuts
Shoals:4: 2659 daAuts
 Snake:3: 2572 daAuts
  Lair:1: 2542 daAuts
     D:7: 2313 daAuts
  Lair:3: 2084 daAuts
   Orc:2: 1962 daAuts
     D:6: 1798 daAuts
     D:1: 1797 daAuts
